 Dungeon Crawl Stone Soup version 0.21-a0-529-g8c7b3f5 (webtiles) character file.

38 kiturien the Vexing (level 3, 0/26 HPs)
             Began as a Formicid Arcane Marksman on Dec 12, 2017.
             Killed from afar by an orc wizard (9 damage)
             ... with a magic dart
             ... on level 2 of the Dungeon.
             The game lasted 00:06:46 (1474 turns).

kiturien the Vexing (Formicid Arcane Marksman)      Turns: 1474, Time: 00:06:47

Health: 0/26       AC:  2    Str: 14    XL:     3   Next: 65%
Magic:  4/4        EV: 12    Int: 12    God:
Gold:   36         SH:  0    Dex: 12    Spells: 0/4 levels left

rFire    . . .     SeeInvis +   a - +0 hand crossbow
rCold    . . .     Gourm    .   (no shield)
rNeg     . . .     Faith    .   e - +0 robe
rPois    .         Spirit   .   (helmet unavailable)
rElec    .         Reflect  .   (no cloak)
rCorr    .         Harm     .   (no gloves)
MR       .....                  (no boots)
Stlth    +.........             (no amulet)
HPRegen  0.08/turn              (no ring)
MPRegen  0.09/turn              (no ring)

@: confused, lethally poisoned (0 -> -6)
A: permanent stasis, dig shafts and tunnels, four strong arms, antennae 3
a: Dig, Shaft Self


You were on level 2 of the Dungeon.
You were hungry.

You visited 1 branch of the dungeon, and saw 2 of its levels.

You collected 36 gold pieces.

Inventory:

Hand Weapons
 a - a +0 hand crossbow (weapon)
Missiles
 d - 20 bolts (quivered)
Armour
 e - a +0 robe (worn)
Scrolls
 g - 2 scrolls of identify {unknown}
 h - a scroll of blinking {unknown}
Potions
 b - a potion of haste {unknown}
Books
 c - a book of Debilitation

   Spells                             Type                      Level
   a - Corona                         Hexes                        1
   b - Slow                           Hexes                        2
   c - Inner Flame                    Hexes/Fire                   3
   d - Portal Projectile              Hexes/Translocation          3
   e - Cause Fear                     Hexes                        4
   f - Leda's Liquefaction            Hexes/Earth                  4
Comestibles
 f - 2 bread rations


   Skills:
 + Level 1.2 Fighting
 + Level 2.7 Crossbows
 + Level 2.1 Dodging
 + Level 0.4 Stealth
 + Level 1.2 Spellcasting
 + Level 4.2 Hexes


You couldn't memorise any spells.
You knew the following spells:

 Your Spells              Type           Power        Failure   Level  Hunger
a - Corona                Hex            ##.....      5%          1    ##.....
b - Portal Projectile     Hex/Tloc       #.....       36%         3    ####...


Dungeon Overview and Level Annotations

Branches:
Dungeon (2/15)

Altars:


Innate Abilities, Weirdness & Mutations

You cannot be hasted, slowed, berserked, paralysed or teleported.
You can dig through walls and to a lower floor.
Your four strong arms can wield two-handed weapons with a shield.
You have a pair of large antennae on your head. (SInv)


Message History

The orc wizard hits you with a dagger of protection.
The orc wizard casts a spell at you.
You are confused.
The orc wizard hits you but does no damage.
Firing (i - inventory):
d - 22 bolts (quivered)
Press: ? - help, Shift-Dir - straight line, f/p - orc wizard
Aim: an orc wizard, wielding a dagger of protection and wearing a robe (severely wounded, slightly transparent)
You shoot a bolt. The bolt closely misses the orc wizard.
The orc wizard hits you with a dagger of venom.
You are poisoned.
The orc wizard closely misses you.
The orc wizard points at you and mumbles some strange words.
The puff of flame hits you!
Firing (i - inventory):
d - 21 bolts (quivered)
Press: ? - help, Shift-Dir - straight line, f/p - orc wizard
Aim: an orc wizard, wielding a dagger of protection and wearing a robe (severely wounded, slightly transparent)
You shoot a bolt.
You feel sick.
The orc wizard points at you and mumbles some strange words.
The magic dart hits you!
You die...

# #...........# #
####...##.#####
###.........# #
....#....#### .##
###...##.# ..###
######.## ......
#...# #####...#
#.>.# #(.(o.(###
#...# #..@o...(#
#...# #..#......#
#...# #..#.#>#.(#
####...####..#...#
#
................#(
...............###(
..............## #(
#####...####.## #.
#...# ##.#


You could see 2 orc wizards.

Vanquished Creatures
  2 dart slugs (D:1)
  3 orcs (D:2)
  3 bats
  A giant cockroach (D:1)
  A goblin (D:1)
  3 hobgoblins (D:1)
  12 frilled lizards (D:1)
  4 kobolds (D:1)
  6 rats
35 creatures vanquished.

Notes
Turn   | Place    | Note
-------+----------+-------------------------------------------
     0 | D:1      | kiturien the Formicid Arcane Marksman began the quest for the Orb.
     0 | D:1      | Reached XP level 1. HP: 15/15 MP: 2/2
   457 | D:1      | Reached XP level 2. HP: 21/21 MP: 3/3
   480 | D:1      | Reached skill level 4 in Hexes
   687 | D:1      | Reached XP level 3. HP: 22/26 MP: 4/4
  1145 | D:1      | Learned a level 3 spell: Portal Projectile
  1474 | D:2      | Killed from afar by an orc wizard

Vault maps used:
D:1:      minmay_arrival_widening_spiral_wide, minmay_lizard_pond
D:2:      first_bread

Skill      XL: |  1  2 |
---------------+-------+-----
Dodging        | 2 |  2.1
Hexes          | 4 |  4.2
Fighting       | |  1.2
Crossbows      | |  2.7
Stealth        | |  0.4
Spellcasting   | |  1.2

Action                   || total
-------------------------++-------
Melee: Hand crossbow     ||    21
 Fire: Hand crossbow     ||    84
 Cast: Corona            ||     1
       Portal Projectile ||     2
  Eat: Chunk             ||     1
Armor: Robe              ||    16
Dodge: Dodged            ||    61

Table legend:
 A = Spawn XP
 B = Non-spawn XP
 C = Spawn XP percentage of total XP
 D = Spawn monster count
 E = Non-spawn monster count
 F = Spawn count percentage of total count
 G = Total turns spent on level
                    A         B        C        D         E        F      G
               +---------+---------+-------+---------+---------+-------+---------
         Total |       0 |      55 |   0.0 |       0 |      35 |   0.0 |  1474
               +---------+---------+-------+---------+---------+-------+---------
           D:1 |       0 |      44 |   0.0 |       0 |      30 |   0.0 |  1285
           D:2 |       0 |      11 |   0.0 |       0 |       5 |   0.0 |   189
               +---------+---------+-------+---------+---------+-------+---------
